 Dungeon Sprint DCSS version 0.29-a0-322-g68df515428 (webtiles) character file.

Game seed: 3735483465635741679

26537 mhtbhm the Executioner (level 12, -1/208 HPs)
             Began as a Minotaur Berserker on Apr 6, 2022.
             Was the Champion of Trog.
             Slain by Fesor the pandemonium lord (3 damage)
             ... in the Dungeon (Sprint VII: "The Pits").
             The game lasted 00:09:27 (4419 turns).

mhtbhm the Executioner (Minotaur Berserker)         Turns: 4419, Time: 00:09:28

Health: -1/208     AC: 22    Str: 29    XL:     12   Next: 99%
Magic:  11/11      EV: 12    Int:  1    God:    Trog [******]
Gold:   46         SH:  0    Dex: 11    Spells: 11/11 levels left

rFire   . . .      SeeInvis .   a - +12 battleaxe of Midnight {flame, Will+}
rCold   . . .      Faith    .   (shield currently unavailable)
rNeg    . . .      Spirit   .   b - +1 plate armour {Will+}
rPois   .          Reflect  .   (helmet restricted)
rElec   .          Harm     .   p - +0 cloak
rCorr   .          Rampage  .   (no gloves)
Will    +++++      Rage     50% o - +0 pair of boots
Stlth   .......... NoTele   +   A - necklace of Bloodlust {*Rage Will++ Int-3 Slay+6}
HPRegen 1.44/turn               k - +3 ring of strength
MPRegen 0.12/turn               v - ring of willpower

@: mighty, berserking (expiring), strong-willed, regenerating, hasted, very
quick
A: horns 2, retaliatory headbutt
a: Renounce Religion, Berserk, Trog's Hand, Brothers in Arms


You were in the Dungeon.
You worshipped Trog.
Trog was exalted by your worship.
You visited 1 branch You collected 46 gold pieces.

Inventory:

Hand Weapons
 a - the +12 battleaxe of Midnight (weapon) {flame, Will+}
   (Trog gifted it to you in the Dungeon)

   It burns those it strikes, dealing additional fire damage.
   Big, fiery blades are also staple armaments of hydra-hunters.
   Will:      It increases your willpower.
 B - the +7 captain's cutlass {speed, disarm}
   (You found it in the Dungeon)

   Attacks with this weapon are significantly faster.
   It may disarm weapon-wielding foes when striking them, dealing extra damage
   in the process.
Missiles
 h - a throwing net
 q - 7 poisoned darts (quivered)
 x - 6 silver boomerangs
Armour
 b - a +1 plate armour of willpower (worn)
 o - a +0 pair of boots (worn)
 p - a +0 cloak (worn)
 C - a +2 buckler of reflection
Jewellery
 k - a +3 ring of strength (left hand)
 l - a +3 ring of intelligence
 u - the ring "Geviq" {Fly rCorr Str+2 Int+2 Dex-5}
   (You found it in the Dungeon)

   [ring of flight]

   Str:       It affects your strength (+2).
   Int:       It affects your intelligence (+2).
   Dex:       It affects your dexterity (-5).
   Fly:       It grants you flight.
   rCorr:     It protects you from acid and corrosion.
 v - a ring of willpower (right hand)
 y - a ring of positive energy
 A - the necklace of Bloodlust (around neck) {*Rage Will++ Int-3 Slay+6}
   (You found it in the Dungeon)

   [amulet of nothing]

   It extends the wearer's berserk rage when killing foes.
   Int:       It affects your intelligence (-3).
   Slay:      It affects your accuracy & damage with ranged weapons and melee
   (+6).
   *Rage:     It berserks you when you make melee attacks (+50% chance).
   Will:      It greatly increases your willpower.
Scrolls
 j - a scroll of identify
 r - 3 scrolls of fear
 s - 6 scrolls of enchant weapon
 t - 2 scrolls of enchant armour
 z - a scroll of immolation
Potions
 c - 7 potions of curing
 d - 12 potions of heal wounds
 e - 3 potions of haste
 f - 4 potions of magic
 g - 4 potions of berserk rage
 i - 2 potions of invisibility
 m - a potion of resistance
 n - 6 potions of mutation
Miscellaneous
 D - a lightning rod (4/4)


   Skills:
 + Level 22.4 Fighting
 + Level 25.2 Axes
 + Level 18.0 Armour
 + Level 11.8 Dodging
 + Level 5.1 Stealth


You had 11 spell levels left.
You didn't know any spells.
Your spell library was empty.

Dungeon Overview and Level Annotations

Branches:
Dungeon (1/1)

Altars:
Gozag
Hepliaklqana
Sif Muna
Trog
Jiyva


Innate Abilities, Weirdness & Mutations

You have a pair of horns on your head.
You reflexively headbutt those who attack you in melee.


Message History

Fesor is severely wounded.
You completely miss Fesor.
Fesor is severely wounded.
You slash Fesor! You burn Fesor. Your headbutt misses Fesor.
Fesor is almost dead.
Fesor hits you. Fesor freezes you.
You barely miss Fesor. Your headbutt misses Fesor.
Fesor is almost dead.
You miss Fesor. Your headbutt misses Fesor.
Fesor is almost dead.
Fesor gestures at you. The crystal spear hits you!!!!
You closely miss Fesor.
Fesor is almost dead.
You slash Fesor! Your headbutt misses Fesor.
Fesor is almost dead.
Fesor hits you but does no damage.
You closely miss Fesor.
Fesor is almost dead.
You completely miss Fesor. Your headbutt misses Fesor.
Fesor is almost dead.
Fesor gestures at you. The crystal spear hits you!!!!
* * * LOW HITPOINT WARNING * * *
You closely miss Fesor.
Fesor is almost dead.
Unknown command.
You slash Fesor!
Fesor is almost dead.
Fesor calls on the powers of darkness!
Your body is wracked with pain!
* * * LOW HITPOINT WARNING * * *
You closely miss Fesor.
Fesor is almost dead.
You closely miss Fesor.
Fesor is almost dead.
Fesor hits you!
* * * LOW HITPOINT WARNING * * *
Fesor freezes you.
You die...

#+# #.# #&# #@#
#'# #.# #'# #.#
#'# #)# #'#
################'#


You could see Fesor.

Vanquished Creatures
  A lich (D)
  A titan (D)
  A spriggan defender (D)
  A frost giant (D)
  An eidolon (D)
  A great orb of eyes (D)
  2 yaktaur captains (D)
  Harold (D)
  A hydra (D)
  A vault guard (D)
  A boulder beetle (D)
  A two-headed ogre (D)
  A vampire mage (D)
  A fire crab (D)
  A phantasmal warrior (D)
  A lindwurm (D)
  2 deep elf pyromancers (D)
  A cyclops (D)
  A merfolk siren (D)
  An elephant (D)
  A cane toad (D)
  A tormentor (D)
  3 orange demons (D)
  A freezing wraith (D)
  2 kobold demonologists (D)
  4 yaktaurs (D)
  A rime drake (D)
  3 red devils (D)
  A guardian mummy (D)
  A wandering mushroom (D)
  A polar bear (D)
  An ice devil (D)
  A troll (D)
  A hornet (D)
  2 jumping spiders (D)
  A spriggan (D)
  A shadow (D)
  2 vampires (D)
  A ynoxinul (D)
  A water elemental (D)
  3 yaks (D)
  2 basilisks (D)
  6 redbacks (D)
  4 vampire mosquitoes (D)
  2 chaos spawn (D)
  A floating eye (D)
  An ice beast (D)
  A floating eye (shapeshifter) (D)
  A black bear (D)
  7 wolves (D)
  A centaur (D)
  2 kobold brigands (D)
  6 killer bees (D)
  A crimson imp (D)
  2 orc priests (D)
  An iron imp (D)
  A gnoll shaman (D)
  An orc wizard (D)
  5 gnolls (D)
  A white imp (D)
  An adder skeleton (D)
  2 orcs (D)
  A bat simulacrum (D)
  2 bat skeletons (D)
  A bat zombie (D)
  An endoplasm (D)
  A giant cockroach (D)
  A hobgoblin (D)
  3 jackals (D)
  5 kobolds (D)
  A quokka (D)
  A ball python (D)
  A ball python simulacrum (D)
  A ball python skeleton (D)
  4 bats (D)
  2 frilled lizards (D)
  A jackal zombie (D)
  A quokka simulacrum (D)
  2 rats (D)
133 creatures vanquished.

Vanquished Creatures (collateral kills)
  An anaconda (D)
  A two-headed ogre (D)
  A deep elf pyromancer (D)
  A hellwing (D)
  A snapping turtle (D)
  An air elemental (D)
  A redback (D)
  An ogre (D)
  A centaur (D)
9 creatures vanquished.

Vanquished Creatures (others)
  A kobold (D)
1 creature vanquished.

Grand Total: 143 creatures vanquished

Notes
Turn   | Place    | Note
-------+----------+-------------------------------------------
     0 | D        | mhtbhm the Minotaur Berserker began the quest for the Orb.
     0 | D        | Reached XP level 1. HP: 19/19 MP: 0/0
    53 | D        | Reached skill level 4 in Axes
    55 | D        | Reached ** piety under Trog
   233 | D        | Reached *** piety under Trog
   234 | D        | Reached skill level 5 in Axes
   234 | D        | Reached XP level 2. HP: 28/28 MP: 1/1
   235 | D        | Reached skill level 5 in Fighting
   238 | D        | Reached skill level 1 in Stealth
   238 | D        | Reached XP level 3. HP: 36/36 MP: 2/2
   238 | D        | Reached **** piety under Trog
   239 | D        | Reached skill level 6 in Axes
   243 | D        | Reached ***** piety under Trog
   244 | D        | Reached skill level 7 in Axes
   244 | D        | Reached XP level 4. HP: 45/45 MP: 3/3
   304 | D        | Found a bloodstained altar of Trog.
   304 | D        | Found a shimmering blue altar of Sif Muna.
   304 | D        | Found a viscous altar of Jiyva.
   304 | D        | Found a hazy altar of Hepliaklqana.
   304 | D        | Found an opulent altar of Gozag.
   331 | D        | Received a gift from Trog
   353 | D        | Reached skill level 8 in Axes
   353 | D        | Reached XP level 5. HP: 33/53 MP: 4/4
   466 | D        | Noticed a jumping spider
   468 | D        | Killed a jumping spider
   469 | D        | Reached skill level 10 in Axes
   469 | D        | Reached skill level 5 in Armour
   469 | D        | Reached skill level 5 in Dodging
   469 | D        | Reached XP level 6. HP: 46/63 MP: 5/5
   552 | D        | Noticed a floating eye
   553 | D        | Paralysed by a floating eye for 4 turns
   562 | D        | Paralysed by a floating eye for 3 turns
   570 | D        | Paralysed by a floating eye for 2 turns
   577 | D        | Reached skill level 11 in Axes
   581 | D        | Killed a floating eye
   581 | D        | Reached ****** piety under Trog
   582 | D        | Reached skill level 10 in Fighting
   582 | D        | Reached XP level 7. HP: 43/72 MP: 6/6
   718 | D        | Noticed a deep elf pyromancer
   718 | D        | Noticed a polar bear
   728 | D        | Killed a polar bear
   728 | D        | Received a gift from Trog
   729 | D        | Reached skill level 12 in Axes
   733 | D        | Killed a deep elf pyromancer
   734 | D        | Reached skill level 13 in Axes
   734 | D        | Reached XP level 8. HP: 82/82 MP: 7/7
   872 | D        | Noticed a kobold demonologist
   875 | D        | Noticed a red devil
   879 | D        | Reached skill level 14 in Axes
   884 | D        | Killed a kobold demonologist
   884 | D        | Identified the +12 battleaxe of Midnight {flame, Will+}
                  | (Trog gifted it to you in the Dungeon)
   884 | D        | Received a gift from Trog
   885 | D        | Reached skill level 15 in Axes
   885 | D        | Reached skill level 10 in Armour
  1024 | D        | Noticed a vampire mage
  1028 | D        | Reached XP level 9. HP: 91/91 MP: 8/8
  1030 | D        | Killed a vampire mage
  1031 | D        | Reached skill level 16 in Axes
  1031 | D        | Reached skill level 5 in Stealth
  1077 | D        | Noticed a kobold demonologist
  1082 | D        | Noticed a fire crab
  1083 | D        | Received a gift from Trog
  1087 | D        | Killed a kobold demonologist
  1091 | D        | Killed a fire crab
  1092 | D        | Reached skill level 17 in Axes
  1249 | D        | Received a gift from Trog
  1251 | D        | Noticed a rime drake
  1257 | D        | Killed a rime drake
  1404 | D        | Noticed a red devil
  1404 | D        | Noticed a two-headed ogre
  1410 | D        | Reached XP level 10. HP: 74/102 MP: 9/9
  1411 | D        | Killed a two-headed ogre
  1412 | D        | Reached skill level 18 in Axes
  1412 | D        | Reached skill level 10 in Dodging
  1769 | D        | Noticed a merfolk siren
  1772 | D        | Received a gift from Trog
  1776 | D        | Killed a merfolk siren
  1935 | D        | Noticed an orange demon
  1936 | D        | Noticed an orange demon
  1937 | D        | Noticed a boulder beetle
  1940 | D        | Reached skill level 19 in Axes
  1941 | D        | Received a gift from Trog
  1942 | D        | Killed an orange demon
  1943 | D        | Killed an orange demon
  1944 | D        | Reached skill level 15 in Fighting
  1950 | D        | Killed a boulder beetle
  1951 | D        | Reached skill level 20 in Axes
  2109 | D        | Noticed an orange demon
  2115 | D        | Received a gift from Trog
  2118 | D        | Killed an orange demon
  2223 | D        | Reached XP level 11. HP: 97/114 MP: 10/10
  2228 | D        | Reached skill level 21 in Axes
  2229 | D        | Noticed a phantasmal warrior
  2238 | D        | Killed a phantasmal warrior
  2367 | D        | Noticed a deep elf pyromancer
  2367 | D        | Noticed an eidolon
  2367 | D        | Noticed a lindwurm
  2375 | D        | Killed a lindwurm
  2375 | D        | Received a gift from Trog
  2388 | D        | Killed a deep elf pyromancer
  2388 | D        | Received a gift from Trog
  2389 | D        | Killed an eidolon
  2390 | D        | Reached skill level 22 in Axes
  2390 | D        | Reached skill level 15 in Armour
  2412 | D        | Noticed Harold
  2413 | D        | Paralysed by an air elemental for 1 turns
  2416 | D        | Paralysed by an air elemental for 1 turns
  2425 | D        | Killed Harold
  2431 | D        | Received a gift from Trog
  2431 | D        | Noticed a two-headed ogre
  2431 | D        | Killed a two-headed ogre
  2432 | D        | Noticed a deep elf pyromancer
  2433 | D        | Killed a deep elf pyromancer
  2434 | D        | Noticed an anaconda
  2436 | D        | Killed an anaconda
  2437 | D        | Reached skill level 23 in Axes
  2438 | D        | Received a gift from Trog
  2789 | D        | Got the ring "Geviq" {Fly rCorr Str+2 Int+2 Dex-5}
  2899 | D        | Found the necklace of Bloodlust {*Rage Will++ Int-3 Slay+6}
  2899 | D        | Noticed a spriggan defender
  2899 | D        | Noticed a frost giant
  2907 | D        | Killed a spriggan defender
  2908 | D        | Reached XP level 12. HP: 118/130 MP: 11/11
  2914 | D        | Killed a frost giant
  2914 | D        | Received a gift from Trog
  3364 | D        | Found the +7 captain's cutlass {speed, disarm}
  3366 | D        | Noticed a vault guard
  3370 | D        | Noticed a yaktaur captain
  3372 | D        | Noticed a four-headed hydra
  3373 | D        | Received a gift from Trog
  3378 | D        | Killed a vault guard
  3378 | D        | Noticed a great orb of eyes
  3380 | D        | Killed a great orb of eyes
  3381 | D        | Reached skill level 24 in Axes
  3385 | D        | Killed a yaktaur captain
  3386 | D        | Received a gift from Trog
  3387 | D        | Killed a two-headed hydra
  3394 | D        | Received a gift from Trog
  3404 | D        | Received a gift from Trog
  3737 | D        | Noticed a titan
  3740 | D        | Killed a titan
  3940 | D        | Received a gift from Trog
  4249 | D        | Noticed a lich
  4256 | D        | Killed a lich
  4257 | D        | Reached skill level 25 in Axes
  4352 | D        | Noticed a yaktaur captain
  4355 | D        | Killed a yaktaur captain
  4393 | D        | Noticed Fesor the pandemonium lord
  4417 | D        | HP: 8/208 [??? (5)]
  4419 | D        | HP: 2/208 [Fesor the pandemonium lord (7)]
  4419 | D        | Slain by Fesor the pandemonium lord

Illustrated notes

Levels and vault maps discovered:
D:        pitsprint [storerooms_1, entrance_room_1, metal_vault_4, armoury_2,
          mini_pit_1, grid_room_1, main_hall_1, silver_pit, the_coven_1,
          the_vestibule_1, steel_vault_1, golden_pit, hallway_of_sentries,
          crystal_vault_4, iron_vault_2, final_vault]

Skill      XL: |  1  2  3  4  5  6  7  8  9 10 11 12 |
---------------+-------------------------------------+-----
Fighting       | 4 5 6 7 9 10 11 12 13 15 19 22 | 22.4
Axes           | 5 7 8 10 11 13 15 17 20 23 25 | 25.2
Armour         | 3 4 5 6 8 10 12 13 15 18 | 18.0
Dodging        | 3 4 5 6 8 9 10 11 | 11.8
Stealth        | 1 2 3 4 5 |  5.1

Action                   |  1- 3 |  4- 6 |  7- 9 | 10-12 || total
-------------------------+-------+-------+-------+-------++-------
Melee: Hand axe          |    20 |    36 |    12 |       ||    68
       Headbutt          |     3 |     7 |     5 |    20 ||    35
       Punch             |     1 |       |     1 |       ||     2
       War axe           |       |       |     9 |       ||     9
       Battleaxe         |       |       |    18 |   160 ||   178
Invok: Berserk           |     1 |       |     4 |     7 ||    12
       Brothers in Arms  |       |       |       |     1 ||     1
       Trog's Hand       |       |       |       |     1 ||     1
  Use: Potion            |       |       |       |     5 ||     5
       Scroll            |       |       |       |     2 ||     2
 Stab: Sleeping          |     1 |       |       |       ||     1
Armor: Animal skin       |     2 |       |       |       ||     2
       Chain mail        |       |    21 |    25 |    64 ||   110
       Plate armour      |       |       |       |     7 ||     7
Dodge: Dodged            |    26 |    17 |    12 |    70 ||   125

Table legend: (Time is in decaauts)
 A = Elapsed time spent in this place.
 B = Non-inter-level travel time spent in this place.
 C = Inter-level travel time spent in this place.
 D = Time resting spent in this place.
 E = Time spent auto-exploring this place.
 F = Levels seen in this place.
 G = Mean time per level.
                   A        B        C        D        E       F      G
               +--------+--------+--------+--------+--------+-----+--------+
         Total |   4453 |   4453 |      0 |   3235 |     21 |   1 | 4453.0 |
       Dungeon |   4453 |   4453 |      0 |   3235 |     21 |   1 | 4453.0 |
               +--------+--------+--------+--------+--------+-----+--------+

Top non-repeatable levels by time:
       D: 4453 daAuts
